 Dungeon Crawl Stone Soup version 0.19-a0-1170-g18f0c96 (webtiles) character file.

15 jacquesderrida the Sneak (level 2, -1/16 HPs)
             Began as a Vine Stalker Wanderer on Aug 18, 2016.
             Splashed by a jelly's acid (2 damage)
             ... on level 4 of the Dungeon.
             The game lasted 00:01:37 (385 turns).

jacquesderrida the Sneak (Vine Stalker Wanderer)     Turns: 385, Time: 00:01:38

Health: -1/16      AC:  0    Str: 12    XL:     2   Next: 50%
Magic:  0/3        EV: 11    Int: 15    God:
Gold:   0          SH:  0    Dex: 12    Spells: 0 memorised, 1 level left

rFire  . . .     SeeInvis .     a - +2 quarterstaff
rCold  . . .     Gourm    .     r - +0 robe (curse)
rNeg   . . .     Faith    .     (shield currently unavailable)
rPois  .         Spirit   +     n - +2 hat
rElec  .         Dismiss  .     (no cloak)
rCorr  .         Reflect  .     (no gloves)
MR     .....     Harm     .     (no boots)
Stlth  ++........               (no amulet)
                                (no ring)
                                (no ring)

@: corroded
A: fangs 2, regeneration 1, magic shield, antimagic bite, no device heal 3, rot
immunity
a: no special abilities


You were on level 4 of the Dungeon.
You were not hungry.

You visited 1 branch of the dungeon, and saw 4 of its levels.

Inventory:

Hand Weapons
 a - a +2 quarterstaff (weapon)
 e - a +0 dagger
 m - a +1 dagger of venom
Missiles
 i - 6 tomahawks (quivered)
Armour
 d - a +0 robe
 n - a +2 hat (worn)
 r - a cursed +0 robe (worn)
Scrolls
 c - a scroll of teleportation
 h - a scroll of identify {unknown}
 j - a scroll of remove curse {unknown}
 q - a scroll of blinking {unknown}
Potions
 b - a potion of curing
 g - a potion of ambrosia {unknown}
 k - a potion of agility {unknown}
 o - a potion of flight {unknown}
 p - a potion of heal wounds {unknown}
Comestibles
 f - a bread ration
 l - 2 meat rations


   Skills:
 + Level 2.8 Fighting
 - Level 1.0 Short Blades
   Level 1.0(1.5) Maces & Flails
 - Level 1.7(1.9) Staves
 - Level 1.0 Dodging
 - Level 3.6 Stealth
   Level 1.0 Shields


You had one spell level left.
You didn't know any spells.

Dungeon Overview and Level Annotations

Branches:
Dungeon (4/15)
 Temple: D:4-7

Altars:


Innate Abilities, Weirdness & Mutations

You have extremely sharp teeth.
Your natural rate of healing is unusually fast.
When hurt, damage is shared between your health and your magic reserves.
Your bite disrupts and absorbs the magic of your enemies.
Potions and wands cannot restore your health.
You are immune to rotting.


Message History

You kill the giant cockroach!
No target in view!
l - 2 meat rations (gained 1)
A jelly comes into view.
The jelly quivers.
Throwing (i - inventory):
i - 7 tomahawks (quivered)
Press: ? - help, Shift-Dir - straight line, f - jelly
Aim: a jelly You throw a tomahawk.
The tomahawk hits the jelly.
The jelly is lightly wounded.
You sock the jelly!
Your hands burn!
You bite the jelly, but do no damage.
The jelly is heavily wounded.
The jelly hits you but does no damage.
You hit the jelly.
Your hands burn!
The jelly is heavily wounded.
The jelly hits you.
You are splashed with acid!
The acid corrodes you!
The acid burns!
* * * LOW HITPOINT WARNING * * *
You hit the jelly.
Your hands burn!
You die...

... ... . ....
#.######### ....
........J@.#
...####.#.#######.#
....<...#.# #.#
..........# #.#
##..#.# #######.###
......# #.........#
##..#######.#########
#..................
.<....#####.#####.#


You could see a jelly.

Vanquished Creatures
  A dart slug (D:1)
  A bat (D:1)
  2 giant cockroaches
  A hobgoblin (D:2)
  A kobold (D:3)
  A quokka (D:3)
  3 goblins
  A rat (D:2)
11 creatures vanquished.

Notes
Turn   | Place    | Note
-------+----------+-------------------------------------------
     0 | D:1      | jacquesderrida the Vine Stalker Wanderer began the quest for the Orb.
     0 | D:1      | jacquesderrida set off with: a +2 quarterstaff, a potion of curing, a scroll of teleportation, a +0 robe, a +0 dagger, a bread ration
     0 | D:1      | Reached XP level 1. HP: 11/11 MP: 2/2
   150 | D:2      | Reached XP level 2. HP: 13/16 MP: 1/3
   155 | D:2      | Reached skill level 1 in Short Blades
   233 | D:3      | Reached skill level 1 in Dodging
   385 | D:4      | Splashed by a jelly's acid

Vault maps used:
D:1:      enne_arrival_octagon_isle, serial_bayou_pond_a
D:2:      nrook_loot_triangle, gammafunk_pakellas_statue_experiment
D:3:      tgw_xom
D:4:      first_bread

Skill      XL: |  1  2 |
---------------+-------+-----
Short Blades   | 1 |  1.0
Dodging        | 1 |  1.0
Fighting       | |  2.8
Maces & Flails | |  1.0
Staves         | |  1.7
Stealth        | |  3.6
Shields        | |  1.0

Action                   || total
-------------------------++-------
Melee: Quarterstaff      ||    26
       Bite              ||     6
Throw: Tomahawk          ||     1
 Stab: Sleeping          ||     3
Armor: Robe              ||     3
Dodge: Dodged            ||    15
